% Time on Ice - VICTORIA GLADIATORS
Lines # - Real PCT - Wanted PCT - Time Play
Normal Forward
1 - 34% - 36% - 15:35
2 - 31% - 31% - 14:22
3 - 25% - 23% - 11:14
4 - 10% - 10% - 4:27
Normal Defense
1 - 37% - 36% - 16:47
2 - 31% - 32% - 14:10
3 - 30% - 24% - 13:53
4 - 2% - 8% - 0:48
PP Forward
1 - 55% - 52% - 1:05
2 - 45% - 48% - 0:54
PP Defense
1 - 29% - 52% - 0:34
2 - 71% - 48% - 1:25
PK Forward
1 - 58% - 52% - 6:04
2 - 42% - 48% - 4:20
PK Defense
1 - 36% - 52% - 3:47
2 - 64% - 48% - 6:37
PK3 Forward
1 - 0% - 52%
2 - 0% - 48%
PK3 Defense
1 - 0% - 52%
2 - 0% - 48%
44 Forward
1 - 63% - 52% - 1:15
2 - 37% - 48% - 0:44
44 Defense
1 - 37% - 52% - 0:44
2 - 63% - 48% - 1:15
Last Minute Offensive  - 0:00
Last Minute Defensive  - 0:00
Total
Forward - 60:00
Defense - 60:00
% Time on Ice - KANSAS CITY KILLERBEES
Lines # - Real PCT - Wanted PCT - Time Play
Normal Forward
1 - 37% - 33% - 16:54
2 - 25% - 30% - 11:23
3 - 17% - 26% - 7:32
4 - 22% - 11% - 9:49
Normal Defense
1 - 34% - 33% - 15:36
2 - 33% - 33% - 14:53
3 - 33% - 33% - 15:09
4 - 0% - 1% - 0:00
PP Forward
1 - 51% - 55% - 5:19
2 - 49% - 45% - 5:05
PP Defense
1 - 55% - 50% - 5:42
2 - 45% - 50% - 4:42
PK Forward
1 - 61% - 55% - 1:13
2 - 39% - 45% - 0:46
PK Defense
1 - 45% - 50% - 0:53
2 - 55% - 50% - 1:06
PK3 Forward
1 - 0% - 55%
2 - 0% - 45%
PK3 Defense
1 - 0% - 50%
2 - 0% - 50%
44 Forward
1 - 66% - 55% - 1:19
2 - 34% - 45% - 0:40
44 Defense
1 - 41% - 50% - 0:49
2 - 59% - 50% - 1:10
Last Minute Offensive  - 0:00
Last Minute Defensive  - 0:00
Total
Forward - 60:00
Defense - 60:00
Play-by-Play 1st period 0:01 of 1st period - Sean Couturier wins face-off versus Nick Foligno in neutral zone. 0:17 of 1st period - Mark Stone is hit by Jonathan Ericsson and loses puck. 0:27 of 1st period - Minor Penalty to Jonathan Ericsson for High sticking. 0:28 of 1st period - Riley Sheahan wins face-off versus Denis Malgin in VICTORIA GLADIATORS zone. 0:28 of 1st period - Riley Sheahan is hit by Denis Malgin. 1:06 of 1st period - Shot by Mattias Janmark. 1:06 of 1st period - Stopped by Jack Campbell without a rebound. 1:07 of 1st period - Riley Sheahan wins face-off versus Sean Couturier in VICTORIA GLADIATORS zone. 1:30 of 1st period - Riley Sheahan is hit by Mark Stone and loses puck. 1:43 of 1st period - Lars Eller is hit by Alexander DeBrincat and loses puck. 2:04 of 1st period - Shot by Lars Eller. 2:04 of 1st period - Shot Blocked by Jacob Muzzin. 2:24 of 1st period - Shot by William Nylander. 2:24 of 1st period - Shot Blocked by Dion Phaneuf. 2:26 of 1st period - Shot by William Nylander. 2:26 of 1st period - Shot Misses the Net. 2:27 of 1st period - Minor Penalty to Jacob de la Rose for Hooking. 2:27 of 1st period - Minor Penalty to Jonathan Ericsson for Boarding. 2:28 of 1st period - Sean Couturier wins face-off versus Frans Nielsen in VICTORIA GLADIATORS zone. 2:41 of 1st period - Shot by Sean Couturier. 2:41 of 1st period - Shot Hit the Post. 3:42 of 1st period - Shot by Alexander DeBrincat. 3:42 of 1st period - Deflect By Mattias Janmark. 3:42 of 1st period - Stopped by Jack Campbell without a rebound. 3:43 of 1st period - Jason Spezza wins face-off versus Sean Couturier in VICTORIA GLADIATORS zone. 3:56 of 1st period - Shot by Jason Spezza. 3:56 of 1st period - Stopped by Jonathan Bernier without a rebound. 3:57 of 1st period - Jason Spezza wins face-off versus Sean Couturier in KANSAS CITY KILLERBEES zone. 4:24 of 1st period - Shot by Sean Couturier. 4:24 of 1st period - Shot Blocked by Jason Spezza. 4:30 of 1st period - Carl Soderberg is hit by Kyle Brodziak and loses puck. 4:45 of 1st period - Shot by Nick Foligno. 4:45 of 1st period - Stopped by Jonathan Bernier without a rebound. 4:46 of 1st period - Lars Eller wins face-off versus Mattias Janmark in KANSAS CITY KILLERBEES zone. 5:05 of 1st period - Off-side. 5:06 of 1st period - Kyle Brodziak wins face-off versus Frans Nielsen in neutral zone. 5:33 of 1st period - Shot by Austin Czarnik. 5:33 of 1st period - Shot Misses the Net. 5:35 of 1st period - Shot by Austin Czarnik. 5:35 of 1st period - Shot Blocked by Marcus Foligno. 5:37 of 1st period - Shot by Hampus Lindholm. 5:37 of 1st period - Stopped by Jack Campbell with a rebound. 5:39 of 1st period - Shot by Cam Fowler. 5:39 of 1st period - Goal by Cam Fowler - VICTORIA GLADIATORS : 0 - KANSAS CITY KILLERBEES : 1. 5:40 of 1st period - Sean Couturier wins face-off versus Carl Soderberg in neutral zone. 5:49 of 1st period - Shot by Sean Couturier. 5:49 of 1st period - Shot Misses the Net. 5:51 of 1st period - Shot by Calvin De Haan. 5:51 of 1st period - Shot Blocked by Carl Soderberg. 5:58 of 1st period - Mark Stone is hit by Dion Phaneuf and loses puck. 6:01 of 1st period - Shot by Sean Couturier. 6:01 of 1st period - Goal by Sean Couturier - VICTORIA GLADIATORS : 0 - KANSAS CITY KILLERBEES : 2. 6:02 of 1st period - Lars Eller wins face-off versus Mattias Janmark in neutral zone. 7:18 of 1st period - Shot by Sean Couturier. 7:18 of 1st period - Stopped by Jack Campbell with a rebound. 7:53 of 1st period - Shot by Austin Czarnik. 7:53 of 1st period - Deflect By Kyle Brodziak. 7:53 of 1st period - Shot Misses the Net. 7:55 of 1st period - Shot by Hampus Lindholm. 7:55 of 1st period - Shot Blocked by Lars Eller. 8:38 of 1st period - Lars Eller is hit by Hampus Lindholm and loses puck. 9:00 of 1st period - Minor Penalty to Dion Phaneuf for Elbowing. 9:01 of 1st period - Denis Malgin wins face-off versus Riley Sheahan in VICTORIA GLADIATORS zone. 9:09 of 1st period - Denis Malgin is hit by T.J. Brennan and loses puck. 11:05 of 1st period - Off-side. 11:06 of 1st period - Frans Nielsen wins face-off versus Kyle Brodziak in neutral zone. 12:03 of 1st period - Shot by Jason Spezza. 12:03 of 1st period - Shot Blocked by Jacob Muzzin. 12:05 of 1st period - Shot by Frans Nielsen. 12:05 of 1st period - Stopped by Jonathan Bernier without a rebound. 12:06 of 1st period - Carl Soderberg wins face-off versus William Nylander in KANSAS CITY KILLERBEES zone. 13:11 of 1st period - Dylan DeMelo is hit by Ryan Stanton and loses puck. 13:23 of 1st period - Icing by Riley Sheahan. 13:24 of 1st period - Sean Couturier wins face-off versus Jason Spezza in VICTORIA GLADIATORS zone. 13:52 of 1st period - Shot by Sean Couturier. 13:52 of 1st period - Shot Misses the Net. 13:54 of 1st period - Shot by Hampus Lindholm. 13:54 of 1st period - Stopped by Jack Campbell without a rebound. 13:55 of 1st period - Colin Wilson wins face-off versus Kyle Brodziak in VICTORIA GLADIATORS zone. 14:05 of 1st period - Minor Penalty to Jonathan Ericsson for Tripping. 14:06 of 1st period - Sean Couturier wins face-off versus Lars Eller in VICTORIA GLADIATORS zone. 14:32 of 1st period - Alexander DeBrincat is hit by Dion Phaneuf and loses puck. 14:43 of 1st period - Riley Sheahan is hit by Mark Stone. 15:51 of 1st period - Icing by Jacob Muzzin. 15:52 of 1st period - Denis Malgin wins face-off versus Riley Sheahan in KANSAS CITY KILLERBEES zone. 16:11 of 1st period - Shot by Cam Fowler. 16:11 of 1st period - Shot Misses the Net. 16:52 of 1st period - Riley Sheahan is hit by Mark Stone. 18:00 of 1st period - Frans Nielsen is hit by Sean Couturier and loses puck. 18:23 of 1st period - Icing by Colin Miller. 18:24 of 1st period - Mattias Janmark wins face-off versus Carl Soderberg in KANSAS CITY KILLERBEES zone. 18:32 of 1st period - Icing by Nick Foligno. 18:33 of 1st period - Carl Soderberg wins face-off versus Denis Malgin in VICTORIA GLADIATORS zone. 19:06 of 1st period - Shot by Austin Czarnik. 19:06 of 1st period - Shot Misses the Net. 19:17 of 1st period - Icing by Hampus Lindholm. 19:18 of 1st period - Lars Eller wins face-off versus Denis Malgin in KANSAS CITY KILLERBEES zone. 19:31 of 1st period - Shot by Lars Eller. 19:31 of 1st period - Stopped by Jonathan Bernier without a rebound. 19:32 of 1st period - Frans Nielsen wins face-off versus Sean Couturier in KANSAS CITY KILLERBEES zone. Goals for this period are 0 for VICTORIA GLADIATORS vs 2 for KANSAS CITY KILLERBEES. Shots for this period are 4 for VICTORIA GLADIATORS vs 7 for KANSAS CITY KILLERBEES. 2nd period 0:01 of 2nd period - Carl Soderberg wins face-off versus Denis Malgin in neutral zone. 0:16 of 2nd period - Shot by Denis Malgin. 0:16 of 2nd period - Stopped by Jack Campbell without a rebound. 0:17 of 2nd period - Sean Couturier wins face-off versus Colin Wilson in VICTORIA GLADIATORS zone. 0:22 of 2nd period - Shot by Mark Stone. 0:22 of 2nd period - Goal by Mark Stone - VICTORIA GLADIATORS : 0 - KANSAS CITY KILLERBEES : 3. 0:23 of 2nd period - Carl Soderberg wins face-off versus Denis Malgin in neutral zone. 0:40 of 2nd period - Shot by Nick Foligno. 0:40 of 2nd period - Goal by Nick Foligno - VICTORIA GLADIATORS : 1 - KANSAS CITY KILLERBEES : 3. 0:41 of 2nd period - Lars Eller wins face-off versus Sean Couturier in neutral zone. 0:54 of 2nd period - Shot by Mikkel Boedker. 0:54 of 2nd period - Deflect By Colin Wilson. 0:54 of 2nd period - Shot Blocked by Jacob Muzzin. 0:56 of 2nd period - Shot by Colin Wilson. 0:56 of 2nd period - Shot Misses the Net. 1:08 of 2nd period - Shot by Lars Eller. 1:08 of 2nd period - Deflect By Mikkel Boedker. 1:08 of 2nd period - Stopped by Jonathan Bernier without a rebound. 1:09 of 2nd period - Carl Soderberg wins face-off versus Denis Malgin in KANSAS CITY KILLERBEES zone. 1:13 of 2nd period - Icing by Dylan DeMelo. 1:14 of 2nd period - Carl Soderberg wins face-off versus Denis Malgin in KANSAS CITY KILLERBEES zone. 1:30 of 2nd period - Shot by Carl Soderberg. 1:30 of 2nd period - Shot Misses the Net. 1:44 of 2nd period - Off-side. 1:45 of 2nd period - Sean Couturier wins face-off versus Lars Eller in neutral zone. 1:58 of 2nd period - Shot by Mark Stone. 1:58 of 2nd period - Shot Misses the Net. 2:18 of 2nd period - Shot by Mark Stone. 2:18 of 2nd period - Deflect By Alexander DeBrincat. 2:18 of 2nd period - Goal by Alexander DeBrincat - VICTORIA GLADIATORS : 1 - KANSAS CITY KILLERBEES : 4. 2:18 of 2nd period - Aaron Dell enters game. 2:19 of 2nd period - Carl Soderberg wins face-off versus Mattias Janmark in neutral zone. 3:27 of 2nd period - Shot by Sean Couturier. 3:27 of 2nd period - Stopped by Aaron Dell without a rebound. 3:28 of 2nd period - Kyle Brodziak wins face-off versus Lars Eller in VICTORIA GLADIATORS zone. 3:37 of 2nd period - Shot by Colin Wilson. 3:37 of 2nd period - Stopped by Jonathan Bernier with a rebound. 3:40 of 2nd period - Icing by Jacob Muzzin. 3:41 of 2nd period - Frans Nielsen wins face-off versus Kyle Brodziak in KANSAS CITY KILLERBEES zone. 3:46 of 2nd period - Shot by Frans Nielsen. 3:46 of 2nd period - Deflect By Alex Iafallo. 3:46 of 2nd period - Stopped by Jonathan Bernier without a rebound. 3:47 of 2nd period - Sean Couturier wins face-off versus Lars Eller in KANSAS CITY KILLERBEES zone. 3:52 of 2nd period - Mark Stone is hit by Matt Bartkowski and loses puck. 4:08 of 2nd period - Sean Couturier is hit by Dion Phaneuf and loses puck. 4:17 of 2nd period - Shot by Sean Couturier. 4:17 of 2nd period - Goal by Sean Couturier - VICTORIA GLADIATORS : 1 - KANSAS CITY KILLERBEES : 5. 4:18 of 2nd period - Frans Nielsen wins face-off versus Mattias Janmark in neutral zone. 4:47 of 2nd period - Shot by Mattias Janmark. 4:47 of 2nd period - Shot Misses the Net. 5:11 of 2nd period - Austin Czarnik is hit by Torey Krug and loses puck. 5:26 of 2nd period - Shot by Carl Soderberg. 5:26 of 2nd period - Deflect By Nick Foligno. 5:26 of 2nd period - Stopped by Jonathan Bernier with a rebound. 5:42 of 2nd period - Shot by Carl Soderberg. 5:42 of 2nd period - Stopped by Jonathan Bernier with a rebound. 5:59 of 2nd period - Icing by Jacob Muzzin. 6:00 of 2nd period - Lars Eller wins face-off versus Denis Malgin in KANSAS CITY KILLERBEES zone. 6:01 of 2nd period - Shot by Colin Wilson. 6:01 of 2nd period - Shot Blocked by Calvin De Haan. 6:09 of 2nd period - Shot by Mikkel Boedker. 6:09 of 2nd period - Goal by Mikkel Boedker - VICTORIA GLADIATORS : 2 - KANSAS CITY KILLERBEES : 5. 6:10 of 2nd period - Sean Couturier wins face-off versus Jason Spezza in neutral zone. 6:13 of 2nd period - Shot by Mark Stone. 6:13 of 2nd period - Stopped by Aaron Dell without a rebound. 6:14 of 2nd period - Sean Couturier wins face-off versus Lars Eller in VICTORIA GLADIATORS zone. 6:15 of 2nd period - Shot by Mark Stone. 6:15 of 2nd period - Goal by Mark Stone - VICTORIA G